 Dungeon Crawl Stone Soup version 0.22-a0-619-ga0c6fd2 (webtiles) character file.

578 Hebeh the Conjurer (level 7, -2/36 HPs)
             Began as a Deep Elf Fire Elementalist on July 15, 2018.
             Slain by Pikel
             ... wielding a +1 whip of flaming
              (3 damage)
             ... on level 4 of the Dungeon.
             The game lasted 00:14:38 (3924 turns).

Hebeh the Conjurer (Deep Elf Fire Elementalist)     Turns: 3924, Time: 00:14:38

Health: -2/36      AC:  3    Str:  5    XL:     7   Next: 13%
Magic:  4/17       EV: 13    Int: 22    God:
Gold:   137        SH:  0    Dex: 15    Spells: 8/17 levels left

rFire    . . .     SeeInvis .   b - +0 hunting sling
rCold    . . .     Gourm    .   (no shield)
rNeg     . . .     Faith    .   r - +0 robe (curse)
rPois    +         Spirit   .   (no helmet)
rElec    .         Reflect  .   (no cloak)
rCorr    .         Harm     .   g - +0 pair of gloves {archery}
MR       .....                  (no boots)
Stlth    ++........             (no amulet)
HPRegen  0.12/turn              v - ring of poison resistance
MPRegen  0.15/turn              (no ring)

@: no status effects
A: no striking features
a: no special abilities


You were on level 4 of the Dungeon.
You were not hungry.

You visited 1 branch of the dungeon, and saw 4 of its levels.

You collected 137 gold pieces.

Inventory:

Hand Weapons
 a - a +0 short sword
 b - a +0 hunting sling (weapon)
Missiles
 f - 107 stones
 i - 19 sling bullets (quivered)
 q - 59 arrows
 C - 3 javelins
Armour
 g - a +0 pair of gloves of archery (worn)
 l - a +0 robe
 r - a cursed +0 robe (worn)
Jewellery
 d - an uncursed amulet of regeneration {unknown}
 v - a ring of poison resistance (left hand)
Scrolls
 e - a scroll of random uselessness {unknown}
 h - 4 scrolls of identify {unknown}
 k - 3 scrolls of enchant weapon {unknown}
 n - 2 scrolls of immolation {unknown}
 o - 3 scrolls of teleportation {unknown}
 s - 4 scrolls of fear {unknown}
 u - 2 scrolls of blinking {unknown}
 w - 2 scrolls of noise {unknown}
 x - a scroll of fog {unknown}
 y - a scroll of enchant armour {unknown}
 z - a scroll of remove curse {unknown}
Potions
 j - 4 potions of curing {unknown}
 m - a potion of degeneration {unknown}
 p - a potion of heal wounds {unknown}
 t - a potion of lignification {unknown}
 A - a potion of flight {unknown}
 B - 2 potions of haste {unknown}
Comestibles
 c - 4 rations


   Skills:
 - Level 2.4 Dodging
 - Level 2.4 Stealth
 + Level 5.7 Spellcasting
 * Level 5.9 Conjurations
 + Level 5.3 Fire Magic


You had 8 spell levels left.
You knew the following spells:

 Your Spells              Type           Power        Failure   Level  Hunger
a - Flame Tongue          Conj/Fire      ####.        1%          1    None
b - Throw Flame           Conj/Fire      ####..       1%          2    None
c - Conjure Flame         Conj/Fire      ####....     2%          3    ##.....
d - Inner Flame           Hex/Fire       ###.....     10%         3    ##.....

Your spell library contained the following spells:

 Spells                   Type           Power        Failure   Level  Hunger
 Fireball                 Conj/Fire      ####......   26%         5    #####..
 Sticky Flame             Conj/Fire      ####....     9%          4    ####...


Dungeon Overview and Level Annotations

Branches:
Dungeon (4/15)
 Temple: D:4-7

Altars:
Cheibriados
Trog
Uskayaw
Wu Jian
Xom

Annotations:
D:4 Pikel


Message History

Pikel hits you with a whip of flaming. Pikel burns you.
Casting: Flame Tongue (safe; 1% risk of failure)
Confirm with . or Enter, or press ? or * to list all spells.
Aiming: Flame Tongue (safe; 1% risk of failure)
Press: ? - help, Shift-Dir - straight line, f/p - Pikel
Aim: Pikel, wielding a whip of flaming and wearing a robe (heavily wounded)
The flame tongue misses Pikel.
Pikel hits you with a whip of flaming! Pikel burns you.
* * * LOW HITPOINT WARNING * * *
Casting: Flame Tongue (safe; 1% risk of failure)
Confirm with . or Enter, or press ? or * to list all spells.
Aiming: Flame Tongue (safe; 1% risk of failure)
Press: ? - help, Shift-Dir - straight line, f/p - Pikel
Aim: Pikel, wielding a whip of flaming and wearing a robe (heavily wounded)
The flame tongue hits Pikel.
Pikel is severely wounded.
Pikel hits you with a whip of flaming!
* * * LOW HITPOINT WARNING * * *
Pikel burns you.
You die...

.##.. .... #.. . ####.#
.. .....# ... .....##
... ...#..#### p.
..###....# ######p#
....####.# ##...@Kp#
###.# #.###..######
#.####...........#
#>.....##[#......#
####)#....#.#......#
...................#
.....)....##.......#
#####.......#......#
...)......#........####


You could see Pikel and 3 slaves.

Vanquished Creatures
  Sigmund (D:4)
  A centaur (D:4)
  An orc priest (D:4)
  A gnoll shaman (D:4)
  2 hounds (D:4)
  An orc wizard (D:4)
  A worker ant (D:4)
  6 adders
  5 gnolls (D:4)
  3 worms
  2 dart slugs
  2 leopard geckos
  4 orcs (D:4)
  A giant cockroach (D:1)
  6 goblins
  6 hobgoblins
  3 jackals (D:4)
  7 kobolds
  3 ball pythons
  9 bats
  3 frilled lizards
  A quokka skeleton (D:2)
  9 rats
78 creatures vanquished.

Notes
Turn   | Place    | Note
-------+----------+-------------------------------------------
     0 | D:1      | Hebeh the Deep Elf Fire Elementalist began the quest for the Orb.
     0 | D:1      | Reached XP level 1. HP: 10/10 MP: 6/6
   377 | D:1      | Reached XP level 2. HP: 13/15 MP: 1/8
  1138 | D:2      | Reached XP level 3. HP: 15/19 MP: 3/10
  1204 | D:2      | Learned a level 2 spell: Throw Flame
  1208 | D:2      | Learned a level 3 spell: Conjure Flame
  1212 | D:2      | Learned a level 3 spell: Inner Flame
  1976 | D:2      | Found a bloodstained altar of Trog.
  2538 | D:3      | Found a hide-covered altar of Uskayaw.
  2600 | D:3      | Reached XP level 4. HP: 24/24 MP: 5/11
  2769 | D:3      | Found a snail-covered altar of Cheibriados.
  2769 | D:3      | Found a shimmering altar of Xom.
  3234 | D:4      | Noticed Sigmund
  3238 | D:4      | Killed Sigmund
  3238 | D:4      | Reached XP level 5. HP: 28/28 MP: 9/14
  3241 | D:4      | Reached XP level 6. HP: 28/32 MP: 7/15
  3315 | D:4      | Reached skill level 5 in Spellcasting
  3324 | D:4      | Reached skill level 5 in Conjurations
  3324 | D:4      | Reached skill level 5 in Fire Magic
  3607 | D:4      | Found an ornate altar of the Wu Jian Council.
  3647 | D:4      | Reached XP level 7. HP: 36/36 MP: 12/17
  3911 | D:4      | Noticed Pikel
  3924 | D:4      | HP: 1/36 [Pikel/whip of flaming (7)]
  3924 | D:4      | Slain by Pikel

Vault maps used:
D:1:      lightli_arrival_chessboard
D:2:      lemuel_crystal_altar, st_stairs_12
D:3:      overflow_temple_1_default, grunt_temple_overflow_open
D:4:      lemuel_crystal_altar, overflow_temple_1_default, enter_ossuary_5,
          first_ration, uniq_pikel, uniq_sigmund

Skill      XL: |  1  2  3  4  5  6 |
---------------+-------------------+-----
Conjurations   | 2 3 4 5 |  5.9
Fire Magic     | 4 5 |  5.3
Spellcasting   | 4 5 |  5.7
Dodging        | |  2.4
Stealth        | |  2.4

Action                   |  1- 3 |  4- 6 |  7- 9 || total
-------------------------+-------+-------+-------++-------
 Fire: Hunting sling     |       |    41 |     6 ||    47
Throw: Stone             |    69 |     6 |       ||    75
 Cast: Flame Tongue      |    81 |    33 |    25 ||   139
       Throw Flame       |       |     2 |     2 ||     4
       Conjure Flame     |       |     1 |     2 ||     3
  Eat: Chunk             |     5 |     3 |     1 ||     9
Armor: Robe              |     3 |     2 |     3 ||     8
Dodge: Dodged            |    12 |    10 |     9 ||    31

Table legend:
 A = Spawn XP
 B = Non-spawn XP
 C = Spawn XP percentage of total XP
 D = Spawn monster count
 E = Non-spawn monster count
 F = Spawn count percentage of total count
 G = Total turns spent on level
                    A         B        C        D         E        F      G
               +---------+---------+-------+---------+---------+-------+---------
         Total |       0 |     826 |   0.0 |       0 |      78 |   0.0 |  3924
               +---------+---------+-------+---------+---------+-------+---------
           D:1 |       0 |      22 |   0.0 |       0 |      14 |   0.0 |   963
           D:2 |       0 |      32 |   0.0 |       0 |      18 |   0.0 |  1303
           D:3 |       0 |      89 |   0.0 |       0 |      23 |   0.0 |   893
           D:4 |       0 |     683 |   0.0 |       0 |      23 |   0.0 |   765
               +---------+---------+-------+---------+---------+-------+---------
